 Dungeon Crawl Stone Soup version 0.28.0-45-g0d030f2227 (webtiles) character file.

Game seed: 2008824116129228918

1552 sking99 the Slasher (level 8, -5/70 HPs)
             Began as a Black Draconian Fighter on May 19, 2022.
             Was a Follower of Qazlal.
             Slain by Joseph
             ... wielding a +0 quarterstaff
              (13 damage)
             ... on level 7 of the Dungeon.
             The game lasted 00:13:17 (7055 turns).

sking99 the Slasher (Black Draconian Fighter)       Turns: 7055, Time: 00:13:18

Health: -5/70      AC:  6    Str: 20    XL:     8   Next: 57%
Magic:  20/20      EV: 12    Int:  8    God:    Qazlal [*.....]
Gold:   286        SH:  7    Dex: 12    Spells: 7/7 levels left

rFire   . . .      SeeInvis .   a - +0 long sword
rCold   . . .      Faith    .   b - +0 buckler
rNeg    . . .      Spirit   .   (armour unavailable)
rPois   .          Reflect  .   (helmet restricted)
rElec   +          Harm     .   f - scarf {+Inv}
rCorr   +          Rampage  .   (no gloves)
Will    .....                   (no boots)
Stlth   +.........              (no amulet)
HPRegen 0.21/turn               l - ring of magical power
MPRegen 0.17/turn               u - ring of resist corrosion

@: no status effects
A: breathe lightning, AC +6, unfitting armour, electricity resistance,
cold-blooded
a: Breathe Lightning, Renounce Religion, Evoke Invisibility


You were on level 7 of the Dungeon.
You worshipped Qazlal.
Qazlal was aware of your devotion.
You visited 2 branches of the dungeon, and saw 8 of its levels.

You collected 286 gold pieces.

Inventory:

Hand Weapons
 a - a +0 long sword (weapon)
Armour
 b - a +0 buckler (worn)
 f - a scarf of invisibility (worn)
Jewellery
 c - a ring of fire
 l - a ring of magical power (left hand)
 o - a +6 ring of intelligence
 u - a ring of resist corrosion (right hand)
Wands
 s - a wand of acid (8) (quivered)
Scrolls
 d - 5 scrolls of fog
 i - 2 scrolls of blinking
 k - a scroll of immolation {unknown}
 m - a scroll of amnesia {unknown}
 n - a scroll of fear {unknown}
 q - 2 scrolls of identify {unknown}
 r - 4 scrolls of teleportation {unknown}
 t - a scroll of vulnerability {unknown}
 v - 3 scrolls of torment {unknown}
 w - a scroll of magic mapping {unknown}
 y - a scroll of acquirement {unknown}
Potions
 e - a potion of flight {unknown}
 g - a potion of curing
 h - 3 potions of attraction {unknown}
 j - a potion of heal wounds {unknown}
 p - a potion of magic {unknown}
 x - a potion of degeneration {unknown}


   Skills:
 + Level 6.3 Fighting
 * Level 7.2 Long Blades
 - Level 2.6 Dodging
 + Level 5.7 Shields
 + Level 4.7 Invocations


You had 7 spell levels left.
You didn't know any spells.
Your spell library contained the following spells:

 Spells                   Type           Power      Damage    Failure   Level
 Beastly Appendage        Tmut           0%         N/A       50%         1
 Magic Dart               Conj           0%         1d3       50%         1
 Sublimation of Blood     Necr           0%         N/A       63%         2
 Wereblood                Tmut           0%         N/A       63%         2
 Spider Form              Tmut/Pois      0%         N/A       86%         3
 Animate Dead             Necr           0%         N/A       99%         4
 Petrify                  Tmut/Erth      0%         N/A       99%         4
 Borgnjor's Vile Clutch   Necr/Erth      0%         N/A       100%        5
 Irradiate                Conj/Tmut      0%         3d13      100%        5
 Death Channel            Necr           0%         N/A       100%        6


Dungeon Overview and Level Annotations

Branches:
Dungeon (7/15)             Temple (1/1) D:4

Altars:
Ashenzari
Cheibriados
Dithmenos
Elyvilon
Gozag
Hepliaklqana
Kikubaaqudgha
Makhleb
Nemelex Xobeh
Okawaru
Qazlal
Ru
Sif Muna
Trog
Uskayaw
Vehumet
Xom
Yredelemnul
Zin
The Shining One

Shops:
D:2 *

Annotations:
D:3 1 runed translucent door, PanSaczeczos's ghost, amateur MiCA
D:4 2 transporters, JhonaSan2K's ghost, amateur MiFi
D:7 Joseph


Innate Abilities, Weirdness & Mutations

You can breathe wild blasts of lightning.
Your glossy black scales are hard. (AC +6)
You cannot fit into any form of body armour.
You are resistant to electric shocks. (rElec)
You are cold-blooded and may be slowed by cold attacks.


Message History

Joseph hits you with a +0 quarterstaff!
You barely miss Joseph.
Joseph is moderately wounded.
You block Joseph's attack.
You hit Joseph but do no damage.
Joseph is moderately wounded.
Joseph hits you with a +0 quarterstaff!
You barely miss Joseph.
Joseph is moderately wounded.
Joseph closely misses you.
You hit Joseph but do no damage.
Joseph is moderately wounded.
Joseph hits you with a +0 quarterstaff.
You hit Joseph but do no damage.
Joseph is moderately wounded.
You block Joseph's attack.
You hit Joseph but do no damage.
Joseph is moderately wounded.
Joseph hits you with a +0 quarterstaff!
You slash Joseph! You tail-slap Joseph, but do no damage.
Joseph is moderately wounded.
You block Joseph's attack.
You closely miss Joseph.
Joseph is moderately wounded.
You block Joseph's attack.
You slash Joseph! You tail-slap Joseph.
Joseph is severely wounded.
Joseph hits you with a +0 quarterstaff!
* * * LOW HITPOINT WARNING * * *
You block Joseph's attack.
It was a potion of curing.
You feel better. Joseph misses you.
You slash Joseph!
Joseph is almost dead.
Joseph hits you with a +0 quarterstaff!
* * * LOW HITPOINT WARNING * * *
Okay, then.
You barely miss Joseph.
Joseph is almost dead.
Joseph hits you with a +0 quarterstaff!
You die...

###.#.......
###.#......<
.......##.#.######
.......##.#......#
.......##<#......# [
.................# ..
#####...#.#......#
... #...#.#....[.#
@..# #...#.#.....@#
?>..
#...#.#.##.@##..#
#####...............#
..........##.##..##.#
#######........#...
#...#.########.##.
#.#.#.# #.. # #.....#
#..# ###.####### #..#


You could see Joseph.

Vanquished Creatures
  Sigmund (D:6)
  Duvessa (D:6)
  An ice beast (D:6)
  A sky beast (D:6)
  2 necrophages (D:6)
  A centaur (D:7)
  A bullfrog (D:7)
  A kobold brigand (D:7)
  Dowan (D:6)
  4 wights (D:7)
  A centaur zombie (D:5)
  An orc priest (D:3)
  2 hounds
  An iron imp (D:3)
  3 centaur skeletons (D:5)
  3 iguanas
  A killer bee zombie (D:6)
  12 adders
  An ufetubus (D:5)
  An adder skeleton (D:4)
  A worm (D:2)
  2 dart slugs (D:1)
  8 orcs
  4 ball pythons
  7 endoplasms
  4 giant cockroaches
  8 hobgoblins
  10 kobolds
  2 quokkas
  4 bats
  A frilled lizard (D:2)
  6 goblins
  4 rats (D:2)
101 creatures vanquished.

Vanquished Creatures (others)
  2 plants (D:5)
2 creatures vanquished.

Grand Total: 103 creatures vanquished

Notes
Turn   | Place    | Note
-------+----------+-------------------------------------------
     0 | D:1      | sking99 the Draconian Fighter began the quest for the Orb.
     0 | D:1      | Reached XP level 1. HP: 19/19 MP: 1/1
   317 | D:1      | Reached XP level 2. HP: 22/26 MP: 2/2
   368 | D:1      | Found a faded altar of an unknown god.
  1000 | D:2      | Reached XP level 3. HP: 31/33 MP: 3/3
  1154 | D:2      | Reached skill level 3 in Long Blades
  1362 | D:2      | Found Vuda Laryu's Assorted Antiques.
  1613 | D:2      | Found a stormy altar of Qazlal.
  1621 | D:2      | Reached XP level 4. HP: 37/40 MP: 4/4
  1653 | D:2      | Became a worshipper of Qazlal Stormbringer
  2018 | D:3      | Found a white marble altar of Elyvilon.
  2019 | D:3      | Found a basalt altar of Yredelemnul.
  2019 | D:3      | Found a shimmering altar of Xom.
  2020 | D:3      | Found a hazy altar of Hepliaklqana.
  2195 | D:3      | Found a snail-covered altar of Cheibriados.
  2522 | D:3      | Found a broken altar of Ashenzari.
  2864 | D:3      | Reached skill level 1 in Invocations
  2864 | D:3      | Reached XP level 5. HP: 7/46 MP: 5/5
  3275 | D:3      | Reached skill level 4 in Long Blades
  3378 | D:3      | Found a runed translucent door.
  3385 | D:3      | Noticed PanSaczeczos's ghost (amateur MiCA)
  4189 | D:4      | Found a transporter.
  4190 | D:4      | Noticed JhonaSan2K's ghost (amateur MiFi)
  4214 | D:4      | Found a staircase to the Ecumenical Temple.
  4223 | Temple   | Entered the Ecumenical Temple
  4411 | D:4      | Found a transporter.
  4477 | D:4      | Reached XP level 6. HP: 50/53 MP: 7/7
  4555 | D:5      | Entered Level 5 of the Dungeon
  4720 | D:5      | You fall into a shaft and drop 2 floors!
  4991 | D:6      | Noticed Sigmund
  5014 | D:6      | Killed Sigmund
  5015 | D:6      | Reached skill level 5 in Fighting
  5015 | D:6      | Reached skill level 5 in Long Blades
  5015 | D:6      | Your scales start taking on a glossy black colour.
  5015 | D:6      | Reached XP level 7. HP: 43/61 MP: 9/9
  5015 | D:6      | Gained mutation: You are resistant to electric shocks.
                  | (rElec) [Black Draconian growth]
  5108 | D:6      | Noticed Dowan
  5108 | D:6      | Noticed Duvessa
  5127 | D:6      | Killed Duvessa
  5130 | D:6      | Killed Dowan
  5143 | D:6      | Found an opulent altar of Gozag.
  5155 | D:6      | Reached * piety under Qazlal
  5159 | D:6      | Reached skill level 6 in Long Blades
  5295 | D:6      | Reached skill level 5 in Shields
  5490 | D:6      | Identified the +1 ring mail of Tentacled Intercession
                  | {Str+4 Dex+3}
  5613 | D:6      | Reached XP level 8. HP: 66/70 MP: 10/10
  5834 | D:5      | Found an ancient bone altar of Kikubaaqudgha.
  5837 | D:5      | Found a shimmering blue altar of Sif Muna.
  5839 | D:5      | Found a radiant altar of Vehumet.
  5844 | D:5      | Got Vehumet's Grimoire of Conjuration
  6709 | D:7      | Reached skill level 7 in Long Blades
  7017 | D:7      | Noticed Joseph
  7055 | D:7      | Slain by Joseph

Illustrated notes

Levels and vault maps discovered:
D:1:      dpeg_arrival_snail, layout_basic,
          hellmonk_ecumenical_altar_crossroads, minmay_tree_intersection,
          minmay_split_cup_small
D:2:      layout_loops_cross, serial_shops, shop, basic_altar
D:3:      layout_basic, slow_altar_1, nicolae_ashenzari_panopticon,
          chequers_temple_overflow_statue_of_worship, ebering_ghost_sewer_d,
          serial_bayou_lake_a
D:4:      layout_cave_pools, minmay_temple_entry_glass,
          gammafunk_ghost_stat_death
D:5:      layout_loops_cross, grunt_temple_overflow_magic_moments,
          serial_bayou_pond_d, lemuel_old_faithful
D:6:      layout_rooms, grunt_gozag_breadcrumbs, uniq_sigmund, uniq_duvessa
D:7:      layout_basic, minmay_joined_circles, uniq_joseph
Temple:   dpeg_three_leaves_temple

Skill      XL: |  1  2  3  4  5  6  7  8 |
---------------+-------------------------+-----
Long Blades    | 3 4 5 6 7 |  7.2
Fighting       | 4 5 6 |  6.3
Invocations    | 1 2 3 4 |  4.7
Shields        | 4 5 |  5.7
Dodging        | |  2.6

Action                   |  1- 3 |  4- 6 |  7- 9 || total
-------------------------+-------+-------+-------++-------
Melee: Long sword        |    80 |   159 |   155 ||   394
       Tailslap          |    10 |    14 |    28 ||    52
 Abil: Breathe Lightning |       |       |     1 ||     1
  Use: Potion            |       |     1 |     2 ||     3
       Scroll            |       |       |     3 ||     3
 Stab: Sleeping          |     1 |       |       ||     1
Armor: Skin              |    28 |    42 |    36 ||   106
Dodge: Dodged            |    45 |    75 |    83 ||   203
Block: Buckler           |    14 |    25 |    54 ||    93
